AoeStats
← CaptainThomas

Golden Pit

503116645Analyzed
1v1 RM · 1mo ago on Aug 30, 2026· 24m 14s· 2 players
Game mode
Random Map
Map size
Tiny (2 player)
Population
200
Speed
Normal
Resources
Standard
Victory
Conquest
Starting age
Dark Age
Ending age
Imperial Age
RankedLock teamsTeams togetherTeam positionsShared explorationLock speedFull tech treeHidden civsTurbo modeCheats
Victory
Defeat
🇫🇷 Franks · France
1597
+18
🇲🇦 Aztecs · Morocco
1646
-18
CaptainThomas
5:44 Loom
9:07 Loom
11:03 Feudal Age
11:57 Feudal Age
12:13 Feudal Age
16:30 Castle Age
15:24 Double-Bit Axe
18:40 Wheelbarrow
18:48 Gold Mining
19:42 Stone Mining
20:18 Bow Saw
mohtal
8:33 Loom
12:39 Feudal Age
17:38 Castle Age
20:35 Sanctity
Connection lost

Rejoining the realm…

Still unreachable

The connection could not be restored.

Session expired

The server has moved on; the page needs a fresh start.